 Dungeon Crawl Stone Soup version 0.31-a0-524-g2a164cf6a2 (webtiles) character file.

Game seed: 8412821207861778967

1159 AdnanSaban the Cudgeller (level 8, -3/49 HPs)
             Began as a Gargoyle Fighter on Aug 12, 2023.
             Slain by a wyvern (6 damage)
             ... on level 6 of the Dungeon.
             The game lasted 00:05:01 (5269 turns).

AdnanSaban the Cudgeller (Gargoyle Fighter)         Turns: 5269, Time: 00:05:02

Health: -3/49      AC: 16    Str: 21    XL:     8   Next: 39%
Magic:  8/8        EV: 11    Int: 13    God:
Gold:   236        SH:  4    Dex:  9    Spells: 7/7 levels left

rFire   . . .        a - +0 flail
rCold   . . .        c - +0 buckler
rNeg    + . .        w - +3 ring mail of the Gusle {Int+3 SInv}
rPois   ∞            (no helmet)
rElec   +            (no cloak)
rCorr   .            (no gloves)
SInv    +            g - +0 pair of boots
Will    .....        r - amulet of the acrobat
Stlth   +            (no ring)
HPRegen 0.28/turn    (no ring)
MPRegen 0.11/turn

%: acrobat
@: no status effects
A: sickness immunity, AC +5, negative energy resistance 1, electricity
resistance, torment resistance 1, petrification resistance
a: no special abilities


You were on level 6 of the Dungeon.
You visited 2 branches of the dungeon, and saw 7 of its levels.

You collected 236 gold pieces.

Inventory:

Hand Weapons
 a - a +0 flail (weapon)
Armour
 c - a +0 buckler (worn)
 g - a +0 pair of boots (worn)
 w - the +3 ring mail of the Gusle (worn) {Int+3 SInv}
   (You found it on level 3 of the Dungeon)

   Int+3:     It affects your intelligence (+3).
   SInv:      It lets you see invisible.
Jewellery
 r - an amulet of the acrobat (around neck)
 A - a +4 ring of slaying
Wands
 b - a wand of light (7)
Scrolls
 e - 7 scrolls of identify {unknown}
 f - a scroll of poison {unknown}
 h - 2 scrolls of enchant weapon {unknown}
 i - a scroll of fog {unknown}
 j - 2 scrolls of teleportation {unknown}
 m - 3 scrolls of revelation {unknown}
 t - 2 scrolls of noise {unknown}
 u - a scroll of amnesia {unknown}
 x - a scroll of fear {unknown}
 y - 2 scrolls of blinking {unknown}
 z - 2 scrolls of summoning {unknown}
Potions
 d - 3 potions of might
 k - 2 potions of lignification {unknown}
 l - a potion of cancellation {unknown}
 n - 3 potions of curing {unknown}
 o - 3 potions of brilliance {unknown}
 p - a potion of invisibility {unknown}
 q - a potion of heal wounds {unknown}
 s - 2 potions of magic {unknown}
 v - a potion of berserk rage {unknown}


   Skills:
 + Level 5.1 Fighting
 + Level 6.9 Maces & Flails
 + Level 5.5 Armour
 + Level 2.5 Dodging
 + Level 1.2 Stealth
 + Level 4.3 Shields


You had 7 spell levels left.
You didn't know any spells.
Your spell library contained the following spells:

 Spells                   Type           Power      Damage    Failure   Level
 Ozocubu's Armour         Ice            0%         N/A       87%         3
 Ozocubu's Refrigeration  Ice            0%         4d7       100%        7
 Chain Lightning          Conj/Air       0%         N/A       100%        9
 Fire Storm               Conj/Fire      0%         5d1       100%        9
 Shatter                  Erth           0%         3d5*      100%        9


Dungeon Overview and Level Annotations

Branches:
Dungeon (6/15)             Temple (1/1) D:4

Altars:
Ashenzari
Cheibriados
Dithmenos
Elyvilon
Hepliaklqana
Kikubaaqudgha
Makhleb
Nemelex Xobeh
Qazlal
Uskayaw
Wu Jian
Yredelemnul
Zin
The Shining One

Annotations:
D:3 2 transporters, Vontreibholz's ghost, amateur MiFi


Innate Abilities, Weirdness & Mutations

You are immune to sickness and miasma.
Your stone body is resilient. (AC +5)
You are immune to poison.
You resist negative energy. (rN+)
You are resistant to electric shocks. (rElec)
You are resistant to unholy torment.
You are immune to petrification.


Message History

You hit the wyvern but do no damage.
The wyvern bites you but does no damage.
The wyvern closely misses you.
You hit the wyvern but do no damage. The wyvern closely misses you.
You hit the wyvern.
The wyvern is lightly wounded.
The wyvern bites you!
The wyvern bites you but does no damage.
You are too injured to fight recklessly!
You are too injured to fight recklessly!
You are too injured to fight recklessly!
You are too injured to fight recklessly!
You are too injured to fight recklessly!
You are too injured to fight recklessly!
You are too injured to fight recklessly!
You are too injured to fight recklessly!
You are too injured to fight recklessly!
You are too injured to fight recklessly!
You are too injured to fight recklessly!
You are too injured to fight recklessly!
You are too injured to fight recklessly!
You are too injured to fight recklessly!
You are too injured to fight recklessly!
You are too injured to fight recklessly!
You are too injured to fight recklessly!
You are too injured to fight recklessly!
You are too injured to fight recklessly!
Unknown command.
You hit the wyvern.
The wyvern is lightly wounded.
The wyvern barely misses you. You block the wyvern's attack.
You barely miss the wyvern.
The wyvern is lightly wounded.
The wyvern bites you.
You barely miss the wyvern.
The wyvern is lightly wounded.
The wyvern bites you!
* * * LOW HITPOINT WARNING * * *
The wyvern bites you.
You die...

..>.....#..#
..##.###.....# ####.
#....## . #....
#....######## #.#....
#............ ..)..
####...#######. #...
#....♣.#
#...####.#....#######
#...l@...##._.......#
#$#.###..##...#####.#
#. #..##.♣..#### #.
...##.......# #.
############.# #. #<#
## ###


You could see a wyvern.

Vanquished Creatures
  Grinder (D:3)
  A centaur (D:5)
  2 phantoms
  2 bullfrogs
  A jelly (D:6)
  2 orc priests
  A gnoll bouda (D:4)
  Jessica (D:3)
  2 iguanas
  Natasha (thrice) (D:3)
  3 orc wizards
  6 gnolls
  7 adders
  A white imp (D:5)
  An ufetubus (D:4)
  3 worms
  2 dart slugs
  15 orcs
  7 ball pythons
  13 endoplasms
  8 giant cockroaches
  5 goblins
  5 hobgoblins
  6 jackals
  6 bats
  4 frilled lizards
  12 kobolds
  8 rats
128 creatures vanquished.

Notes
Turn   | Place    | Note
-------+----------+-------------------------------------------
     0 | D:1      | AdnanSaban the Gargoyle Fighter began the quest for the
                  | Orb.
     0 | D:1      | Reached XP level 1. HP: 14/14 MP: 1/1
   107 | D:1      | Reached XP level 2. HP: 10/19 MP: 2/2
   408 | D:1      | Reached XP level 3. HP: 19/23 MP: 3/3
  1000 | D:2      | Reached XP level 4. HP: 29/29 MP: 4/4
  1186 | D:2      | Reached skill level 3 in Maces & Flails
  1515 | D:3      | Reached XP level 5. HP: 30/33 MP: 5/5
  1535 | D:3      | Found a transporter.
  1543 | D:3      | Noticed Vontreibholz's ghost (amateur MiFi)
  1601 | D:3      | Noticed Natasha
  1610 | D:3      | Killed Natasha
  1611 | D:3      | Reached skill level 4 in Maces & Flails
  1737 | D:3      | Identified the +3 ring mail of the Gusle {Int+3 SInv}
  1883 | D:3      | Noticed Jessica
  1888 | D:3      | Killed Jessica
  1889 | D:3      | Reached skill level 1 in Dodging
  1889 | D:3      | Reached XP level 6. HP: 34/38 MP: 6/6
  2003 | D:3      | Found a transporter.
  2007 | D:3      | Noticed Natasha
  2023 | D:3      | Killed Natasha
  2227 | D:3      | Noticed Grinder
  2256 | D:3      | Killed Grinder
  2257 | D:3      | Reached skill level 5 in Maces & Flails
  2257 | D:3      | Reached XP level 7. HP: 17/44 MP: 7/7
  2452 | D:3      | Noticed Natasha
  2461 | D:3      | Killed Natasha
  2760 | D:4      | Found a staircase to the Ecumenical Temple.
  2770 | Temple   | Entered the Ecumenical Temple
  2798 | Temple   | Reached skill level 5 in Armour
  2981 | D:4      | Reached skill level 6 in Maces & Flails
  3580 | D:3      | Reached skill level 1 in Stealth
  3781 | D:5      | Entered Level 5 of the Dungeon
  3834 | D:4      | Reached skill level 5 in Fighting
  3834 | D:4      | Reached XP level 8. HP: 9/49 MP: 8/8
  4142 | D:5      | Found a white marble altar of Elyvilon.
  5073 | D:6      | Found a broken altar of Ashenzari.
  5257 | D:6      | Noticed a wyvern
  5269 | D:6      | Slain by a wyvern

Illustrated notes

Levels and vault maps discovered:
D:1:      zelgadis_glass_arrival_small, layout_rooms, dk_noncrumbling_3
D:2:      layout_loops_ring, lexackson_kobold_supper
D:3:      layout_loops_ring, gammafunk_ghost_arena, uniq_natasha, uniq_jessica,
          uniq_grinder
D:4:      layout_loops_cross, minmay_temple_entry_purple_smoke,
          gup_sewer_entry_glass
D:5:      layout_layer_cave, lemuel_round_altar
D:6:      layout_basic, mainiacjoe_overflow_tiny_flanked,
          nicolae_sif_muna_little_library
Temple:   hellmonk_temple_two_chambers

Skill      XL: |  1  2  3  4  5  6  7  8 |
---------------+-------------------------+-----
Maces & Flails | 3 4 5 6 |  6.9
Fighting       | 4 5 |  5.1
Armour         | 4 5 |  5.5
Dodging        | 1 2 |  2.5
Shields        | 4 |  4.3
Stealth        | 1 |  1.2

Action                     |  1- 3 |  4- 6 |  7- 9 || total
---------------------------+-------+-------+-------++-------
  Melee: Flail             |   102 |   133 |   323 ||   558
 Armour: Scale mail        |    52 |       |       ||    52
         Chain mail        |    12 |    43 |       ||    55
         Ring mail         |       |    21 |   197 ||   218
  Dodge: Dodged            |    52 |    54 |   234 ||   340
  Block: Buckler           |    28 |    14 |    71 ||   113

Table legend: (Time is in decaauts)
 A = Elapsed time spent in this place.
 B = Non-inter-level travel time spent in this place.
 C = Inter-level travel time spent in this place.
 D = Time resting spent in this place.
 E = Time spent auto-exploring this place.
 F = Levels seen in this place.
 G = Mean time per level.
                   A        B        C        D        E       F      G
               +--------+--------+--------+--------+--------+-----+--------+
         Total |   5392 |   5192 |    200 |    261 |   3722 |   7 |  770.3 |
       Dungeon |   5191 |   4991 |    200 |    222 |   3633 |   6 |  865.2 |
        Temple |    201 |    201 |      0 |     39 |     89 |   1 |  201.0 |
               +--------+--------+--------+--------+--------+-----+--------+

Top non-repeatable levels by time:
     D:3: 1241 daAuts
     D:4: 1137 daAuts
     D:5: 1110 daAuts
     D:2: 834 daAuts
     D:1: 665 daAuts
     D:6: 202 daAuts
  Temple: 201 daAuts
